Cogmind - Beta 14 @@@ ROGUE MODE // 2024.11.09 @ 19:44:10 Player: Shimmyarah Result: Destroyed by D-53 Grenadier with Mini Grenade Launcher Performance ------------- Evolutions (0) 0 Regions Visited (2) 400 Robots Destroyed (15) 75 Value Destroyed (183) 183 Prototype IDs (0) 0 Alien Tech Used (0) 0 Bonus (0) 0 TOTAL SCORE: 658 Bonus ------- None Cogmind --------- Core Integrity 0/250 Matter 267/300 Energy 99/100 System Corruption 6% Temperature Cool (0) Movement Rolling (80) Location -10/Mines Parts ------- > --- POWER (1) -------- (None) > --- PROPULSION (2) --- Wheel > --- UTILITY (2) ------ Small Storage Unit Structural Scanner > --- WEAPON (2) ------- Medium Laser > --- INVENTORY (8) ---- Medium Matter Pod (0) Visual Processing Unit Sensor Array Terrain Scan Processor Blade Trap Blade Trap Blade Trap Blade Trap Peak State ------------ > --- POWER ------------ Light Ion Engine > --- PROPULSION ------- Light Treads Light Treads > --- UTILITY ---------- Small Storage Unit Improved Terrain Scanner > --- WEAPON ----------- Assault Rifle Grenade Launcher > --- INVENTORY -------- Light Ion Engine Visual Processing Unit Sensor Array Medium Laser [Rating: 9] Favorites ----------- Power Light Ion Engine Engine Light Ion Engine Propulsion Light Treads Treads Light Treads Wheel Wheel Utility Small Storage Unit Device Seismic Detector Storage Small Storage Unit Weapon Medium Laser Energy Gun Medium Laser Ballistic Gun Assault Rifle Launcher Grenade Launcher Special Weapon Mining Laser Build | -11 -10 -10 ------- Run | Yrd Mat Min Slots Evolved . | . . . Power . | . . . Propulsion . | . . . Utility . | . . . Weapon . | . . . Parts Attached 17 | 7 8 2 Power 2 | 1 1 . Engine 2 | 1 1 . Core . | . . . Reactor . | . . . Propulsion 4 | 2 1 1 Treads 3 | 2 1 . Leg . | . . . Wheel 1 | . . 1 Hover . | . . . Flight . | . . . Utility 4 | 2 1 1 Device 3 | 1 1 1 Storage 1 | 1 . . Processor . | . . . Hackware . | . . . Protection . | . . . Artifact . | . . . Weapon 7 | 2 5 . Energy Gun 2 | 1 1 . Energy Cannon . | . . . Ballistic Gun 2 | 1 1 . Ballistic Cannon . | . . . Launcher 2 | . 2 . Special Weapon 1 | . 1 . Impact Weapon . | . . . Slashing Weapon . | . . . Piercing Weapon . | . . . Special Melee Weapon . | . . . Unidentified Prototypes . | . . . Parts Lost 9 | . 9 . Power 2 | . 2 . Propulsion 2 | . 2 . Utility 2 | . 2 . Weapon 3 | . 3 . Highest Loss Streak 5 | . 5 . To Critical Strikes . | . . . Average Slot Usage (%) 74 | . 84 54 Engine 7 | . 10 . Treads 16 | . 24 . Wheel 3 | . . 11 Device 10 | . 8 14 Storage 14 | . 14 14 Energy Gun 9 | . 6 14 Ballistic Gun 6 | . 9 . Launcher 2 | . 3 . Special Weapon 3 | . 5 . Peak Build Rating 9 | 7 9 5 Average Rating 5 | 5 5 4 On Entrance 3 | . 7 2 Naked Turns . | . . . Heaviest Build 14 | 13 14 8 Greatest Support 40 | 40 40 10 Greatest Overweight (x) 3 | . 3 2 Average Overweight (x) . | . . . Largest Inventory Capacity 8 | 8 8 8 Average Capacity 7 | 7 8 8 Most Carried 8 | 5 7 8 Average Carried 3 | 1 5 6 Final Capacity 8 | 8 8 8 Final Carried 8 | 3 4 8 Class Distribution -------------------- 100% | Mutant Dominant Class ---------------- Mutant | -10/Materials Mutant | -10/Mines Resources | -11 -10 -10 ----------- Run | Yrd Mat Min Matter Collected 517 | 360 61 96 Remotely . | . . . Salvage Created 336 | 208 117 11 Parts 33 | 17 14 2 Haulers Intercepted 1 | . 1 . Recyclers Shooed . | . . . Parts Field Recycled . | . . . Retrieved Matter . | . . . Parts Self-Destructed . | . . . Prevented . | . . . Kills | -11 -10 -10 ------- Run | Yrd Mat Min Combat Hostiles Destroyed 2 | . 2 . AOE 2 | . 2 . Classes Destroyed 7 | 3 4 . Worker 3 | 2 . 1 Builder 2 | . 2 . Tunneler 5 | 5 . . Hauler 1 | . 1 . Recycler 1 | 1 . . Watcher 1 | . 1 . Grunt 2 | . 2 . Best Kill Streak 5 | 4 5 1 Combat Bots Only 2 | . 2 . Max Kills in Single Turn 2 | 1 2 1 Gunslinging . | . . . Exploded 2 | . 2 . Melee . | . . . Uniques/NPCs Destroyed . | . . . Combat | -11 -10 -10 -------- Run | Yrd Mat Min Hostile Shots Fired 76 | . 74 2 Missed 22 | . 21 1 Damage Taken 1112 | . 1051 61 Core 283 | . 222 61 Absorbed by Shields . | . . . Core Remaining (%) 100 | 100 . . Volleys Fired 64 | 30 27 7 Largest 2 | 2 2 1 Hottest 100 | 70 100 50 Shots Fired 94 | 56 32 6 Gun 75 | 56 13 6 Cannon . | . . . Launcher 9 | . 9 . Special 10 | . 10 . Kinetic 34 | 30 4 . Thermal 51 | 26 19 6 Explosive 9 | . 9 . Electromagnetic . | . . . Robot Hit Streak 9 | 9 7 4 Robot Miss Streak 4 | 4 1 2 Penetration Max . | . . . Secondary Targets . | . . . Shots Hit Robots 45 | 29 12 4 Core Hits 25 | 9 15 1 Critical Kills . | . . . Critical Parts Destroyed . | . . . Critical Strikes 2 | 2 . . Burn 2 | 2 . . Melee Attacks . | . . . Impact . | . . . Slashing . | . . . Piercing . | . . . Sneak Attacks . | . . . Combat Hostiles . | . . . Follow-up Attacks . | . . . Damage Inflicted 1112 | 338 725 49 Guns 492 | 338 105 49 Cannons . | . . . Explosions 620 | . 620 . Melee . | . . . Ramming . | . . . Kinetic 190 | 161 29 . Thermal 302 | 177 76 49 Explosive 535 | . 535 . Electromagnetic 85 | . 85 . Impact . | . . . Slashing . | . . . Piercing . | . . . Highest Corruption 6 | . 6 6 Average Corruption 6 | . 6 6 Corruption Purged . | . . . Corruption Blocked . | . . . Effects 9 | . 4 5 Matter Fused 4 | . 1 3 Heat Flow Errors 2 | . 1 1 Data Loss (major) 1 | . 1 . Alerts 1 | . 1 . Weapon Failures 1 | . . 1 Overload Shots . | . . . Overflow Damage . | . . . Projectiles . | . . . Explosions . | . . . Melee . | . . . Knockbacks . | . . . Impact . | . . . Kinetic . | . . . Secondary . | . . . Self-Inflicted Damage 99 | . 99 . Shots 4 | . 4 . Rammed . | . . . Targets Rammed . | . . . Kicked . | . . . Crushed . | . . . Highest Temperature 306 | 81 306 85 Average Temperature 55 | 27 79 47 Received Heat Transfer 444 | . 438 6 Effects 1 | . 1 . Interference 1 | . 1 . Siege Activations . | . . . Robots Corrupted . | . . . Combat Hostiles . | . . . Parts Fried . | . . . Impact Corruptions . | . . . Robots Melted . | . . . Combat Hostiles . | . . . Parts Melted 1 | 1 . . Heat Transferred 1036 | 666 222 148 Parts Sabotaged . | . . . Parts Stolen . | . . . Parts Stripped . | . . . Power Chain Reactions . | . . . Alert | -11 -10 -10 ------- Run | Yrd Mat Min Peak Influence 176 | 40 176 102 Initial 52 | . 26 52 Average 68 | 17 104 78 Maximum Alert Level . | . . . Low Security (%) 100 | 100 100 100 Level 1 . | . . . Level 2 . | . . . Level 3 . | . . . Level 4 . | . . . Level 5 . | . . . High Security . | . . . Max Security . | . . . Squads Dispatched 2 | . 2 . Investigation . | . . . Extermination . | . . . Reinforcement 2 | . 2 . Assault . | . . . Garrison . | . . . Intercept . | . . . Searches Triggered . | . . . Construction Impeded . | . . . Haulers Reinforced . | . . . Active Scanning Responses . | . . . Cargo Convoy Interrupts . | . . . Stealth | -11 -10 -10 --------- Run | Yrd Mat Min Distress Signals . | . . . Communications Jammed . | . . . Distress Signals . | . . . Times Spotted 10 | . 8 2 Peak Tracking Total 4 | . 4 2 Tactical Retreats 1 | . . 1 Traps | -11 -10 -10 ------- Run | Yrd Mat Min Traps Triggered 1 | . 1 . Indirectly . | . . . Trap Hack Attempts . | . . . Triggered . | . . . Disarmed . | . . . Reprogrammed . | . . . Reused . | . . . Traps Extracted . | . . . Installed . | . . . Triggered . | . . . Most Traps Carried 4 | . . 4 Machines | -11 -10 -10 ---------- Run | Yrd Mat Min Machines Disabled 3 | . 2 1 Max in Single Turn 2 | . 2 1 Machines Repaired . | . . . Machines Dismantled . | . . . Machines Sabotaged . | . . . Overloaded Fab Kills . | . . . Hacking | -11 -10 -10 --------- Run | Yrd Mat Min Machines Accessed 1 | . 1 . Terminals 1 | . 1 . Fabricators . | . . . Repair Stations . | . . . Recycling Units . | . . . Scanalyzers . | . . . Garrison Access . | . . . Total Hacks 2 | . 2 . Successful 1 | . 1 . Failed 1 | . 1 . Catastrophic 1 | . 1 . Database Lockouts . | . . . Manual 1 | . 1 . Terminals 2 | . 2 . Fabricators . | . . . Repair Stations . | . . . Recycling Units . | . . . Scanalyzers . | . . . Garrison Access . | . . . Terminal Hacks 1 | . 1 . Robot Analysis 1 | . 1 . Fabricator Hacks . | . . . Repair Station Hacks . | . . . Recycling Unit Hacks . | . . . Scanalyzer . | . . . Garrison Access Hacks . | . . . Unauthorized Hacks . | . . . Terminals . | . . . Fabricators . | . . . Repair Stations . | . . . Recycling Units . | . . . Scanalyzers . | . . . Garrison Access . | . . . Data Cores Recovered . | . . . Used . | . . . Hacking Detections 1 | . 1 . Full Trace Events . | . . . Feedback Events . | . . . Feedback Blocked . | . . . Robot Schematics Acquired . | . . . Robots Built . | . . . Authchips . | . . . Time . | . . . Total Robot Build Rating . | . . . Part Schematics Acquired . | . . . Parts Built . | . . . Authchips . | . . . Time . | . . . Total Part Build Rating . | . . . Parts Repaired . | . . . Time . | . . . Parts Recycled . | . . . Recycled Matter . | . . . Retrieved Matter . | . . . Retrieved Components . | . . . Parts Scanalyzed . | . . . Part Schematics Acquired . | . . . Parts Damaged . | . . . Bothacking | -11 -10 -10 ------------ Run | Yrd Mat Min Used RIF Installer . | . . . Robots Hacked . | . . . Non-combat . | . . . Combat . | . . . Robot Hacks Applied . | . . . Relay Couplers Released . | . . . Fabnet Peak Effective % . | . . . Robots Rewired . | . . . Allies Hacked . | . . . Hacks Repelled . | . . . Allies | -11 -10 -10 -------- Run | Yrd Mat Min Total Allies . | . . . Largest Group . | . . . Highest-Rated Group . | . . . Highest-Rated Ally . | . . . Total Orders . | . . . Ally Attacks . | . . . Total Damage . | . . . Kills . | . . . Allies Corrupted . | . . . Allies Melted . | . . . Intel | -11 -10 -10 ------- Run | Yrd Mat Min Robot Analysis Total 1 | . 1 . Derelict Logs Recovered . | . . . Drone Launches . | . . . Drone Recoveries . | . . . Exploration | -11 -10 -10 ------------- Run | Yrd Mat Min Turns Passed 740 | 263 324 153 Spaces Moved 412 | 107 145 160 Core 37 | 9 24 4 Treads 219 | 98 121 . Legs . | . . . Wheels 156 | . . 156 Hover . | . . . Flight . | . . . Fastest Speed 50 | 50 150 80 Average Speed 126 | 150 158 81 Slowest Speed 200 | 160 200 150 Overloaded Moves . | . . . Propulsion Burnouts . | . . . Robots Hopped . | . . . Cave-ins Triggered 1 | . 1 . Exploration Rate (%) 20 | 5 29 28 Regions Visited 2 Branch Regions 1 Pre-discovered Areas . | . . . Known Exits Taken . | . . . Unknown Exits Taken 2 | 1 1 . Scrap Searched 1 | . . 1 Spaces Dug 7 | . 7 . Terrain Destroyed 47 | . 47 . Melee . | . . . Projectile 10 | . 10 . AOE 37 | . 37 . Terrain Rammed . | . . . Walls Destroyed . | . . . Machines Disabled . | . . . Actions | -11 -10 -10 --------- Run | Yrd Mat Min Total 514 | 153 186 175 Wait . | . . . Move 410 | 106 144 160 Hop . | . . . Pick Up 23 | 10 7 6 Fast Attach . | . . . Attach 15 | 7 6 2 Detach . | . . . Swap 2 | . 2 . Drop . | . . . Fire 64 | 30 27 7 Melee . | . . . Ram . | . . . Kick . | . . . Crush . | . . . Escape Stasis . | . . . Rewire . | . . . Trap . | . . . Miscellaneous . | . . . Route ------- -11/Scrapyard -10/Materials -10/Mines History --------- Turn | Location | Event 4 | -11/Scrapyard | Discovered new exit (range 16) 264 | -11/Scrapyard | Entered Materials 303 | -10/Materials | Build established: Mutant 486 | -10/Materials | Crushed by falling debris 517 | -10/Materials | Lost 5 parts (1p2u2w) 558 | -10/Materials | Discovered new exit (range 16) 559 | -10/Materials | Core integrity fell below 50% 570 | -10/Materials | Core integrity fell below 20% 585 | -10/Materials | Lost 4 parts (1p2n1w) 588 | -10/Materials | Entered Mines 642 | -10/Mines | Found a hidden stash of uninstalled traps 719 | -10/Mines | Assembled infested the area 724 | -10/Mines | Assisted by a Guerilla fighting off Assembled 741 | -10/Mines | Destroyed by D-53 Grenadier with Mini Grenade Launcher Last Messages --------------- 00610_ Acquired Wheel. 00628_ System corrupted: Matter fused (-8). 00642_ A stash of uninstalled traps is collected here! 00644_ Acquired Blade Trap. 00650_ System corrupted: Heat flow error (+110). 00660_ K-01 Serf collects debris. 00663_ Searching scrap... 00663_ Found Lrg. Matter Pod. 00663_ Found Tractor Beam. 00663_ Found 46 Matter. 00663_ Found 37 Matter. 00664_ Acquired 37 matter. 00665_ Acquired 46 matter. 00699_ T-07 Excavator is excavating. 00704_ System corrupted: Matter fused (-8). 00719_ ALERT: Infestation in the mines, dispatching Demolisher response squad. 00730_ System corrupted: Matter fused (-9). 00741_ 2M-HKC(h) destroyed. Map ----- +----------------------------------------------------+ | | | | | | | | | | | | | | | | | | | ?????????????????????????????????????????????????? | | ?????????????????????????????????????????????????? | | ?????????????????????????????????????????????????? | | ?????????????????????????????????????????????????? | | ?????????????????????????????????????????????????? | | ?????????????????????????????????????????????????? | | ?????????????????????????????????????????????????? | | ?????????????????????????????????????????????????? | | ?????????????????????????????????????###?????????? | | ?????????????????????????????????????####????????? | | ???????????????????####??#####??????? ####???????? | | ?????????????????######## ####??????? ####??????? | | ????????????????##### ####t ######## ###??????? | | ?????????######### ######## ##??????? | | ?????????######### = #### # ??????? | | ?????????## *%!##### #### # ??????? | | ?????????## ##### #@##### #### # ????? | | ????????????###### ## # ##?## ##??# ^# ????? | | ??????????? ####### #### ##### ##??### # ????? | | ???????????######## #### ##### ##??#### ????? | | ???????????## #### ##????## ##? | | ?????????### ################# ##??????? ##? | | #?????####### ################# ##???????## ##? | | #?????###### ###????????????## ##???????### #? | | ######## ##????????????## ##????????## ??? | | ######## ### #######???????## ##???????????? ??? | | ### ########??????## ##???????????????? | | ###### ##### ## #####????## ##???????????????? | | ###### #### ####????## ???????????????? | | # ### ### ##????#####???????????????? | | # ### """ ????????####???????????????? | | """ ???????????????????????????? | | !! """ #????????????????????????? | | ##### ## ##????????????????????????? | | ###### #### ? ##????????????????????????? | | ## ##?### ###### ????????????????????????????? | | ### ##?#### ###?## ???????????????????????????? | | ######?### ###??? # ???????????????????????????? | | ?####??## ##???## ???????????????????????????? | | ???????## ###????????????????????????????????? | | ???????## #####??????????????????????????????? | +----------------------------------------------------+ Best States ------------- Heat Dissipation 25 Energy Generation 10 Energy Capacity 125 Matter Stores 300 Matter Capacity 300 Sight Range 16 Terrain Scan Range 16 Terrain Scan Density 10 Evasion (%) 44 Recoil Reduction 2 Item Schematics ----------------- None Robot Schematics ------------------ None Fabricated ------------ Nothing Alien Tech Used ----------------- None Achievements -------------- None Challenges ------------ None Game ------ Seed PiercingTechShockpuncher Manual? 0 Play Time 00:08:14 Cumulative 22.0 hours Start 2024.11.09 @ 19:37:28 End 2024.11.09 @ 19:44:10 Sessions 1 Manual Loads 0 Difficulty Rogue Special Mode None Game No. 52 Rogue 52 Adventurer 0 Explorer 0 Win Type - Total 0 Types 0/0/0/0/0/0/0/0/0 Lore% 10 Gallery% 19 Achievement% 19 Wizard Run 0 Options --------- Layout 1 ASCII 0 Keyboard 0 Movement Arrows Keybinds 0 Fullscreen 1 Font 24/Smallcaps Map View 50x40 Zoom Use 0% Tactical HUD 1 Map Filters NONE Filters NONE Steam 1 RUN: 0fd06a98-377d-4048-88df-0f64630e5e5b